General information
			
			
        
        - name: BNet
 
        - type: Ladder team game (AT/RT)
 
        - host: Battle.net
 
        - saver: XBoxCCCLX
 
        
map: Dragonblight 
        - players: 6
 
        - length: 34:08
 
        - speed: Fast
 - version: 1.22 W3XP
 - replay type:  Public
 
» download(215 KB)
Players
        team 1 (loser) 
              
              
Kev_Almighty (
teal | 36 APM | 1220 actions | 33:58)
              
 4 Priestess of the Moon 
 2 Searing Arrows
 2 Trueshot Aura
 
                » actions 
                
                | Assign group hotkey | 21 |  | 
| Basic commands | 5 |  | 
| Build / train | 52 |  | 
| Enter build submenu | 24 |  | 
| Enter hero's abilities submenu | 4 |  | 
| Remove unit from queue | 2 |  | 
| Right click | 548 |  | 
| Select / deselect | 403 |  | 
| Select group hotkey | 137 |  | 
| Use ability | 24 |  | 
                1220 total
 » units 
                
                | Wisp | 11 |  | 
| Archer | 4 |  | 
| Huntress | 10 |  | 
| Dryad | 2 |  | 
| Chimaera | 7 |  | 
                34 total
 » upgrades
                
                | Moon Armor | 2 |  | 
| Strength of the Moon | 2 |  | 
| Reinforced Hides | 2 |  | 
| Upgrade Moon Glaive | 1 |  | 
| Corrosive Breath | 1 |  | 
                8 total
 » buildings
                
                | Altar of Elders | 1 |  | 
| Moon Well | 8 |  | 
| Ancient of War | 2 |  | 
| Hunter's Hall | 1 |  | 
| Tree of Ages | 1 |  | 
| Ancient of Lore | 1 |  | 
| Tree of Eternity | 2 |  | 
| Ancient of Wind | 1 |  | 
| Chimaera Roost | 2 |  | 
                19 total
 » build order
                00:13 Altar of Elders
00:26 Moon Well
00:56 Ancient of War
01:39 Moon Well
01:56 Ancient of War
02:46 Moon Well
03:05 Hunter's Hall
06:03 Moon Well
07:03 Moon Well
08:07 Tree of Ages
08:47 Moon Well
10:57 Ancient of Lore
13:11 Tree of Eternity
13:12 Tree of Eternity
13:38 Ancient of Wind
15:25 Moon Well
15:35 Chimaera Roost
17:54 Chimaera Roost
19:05 Moon Well
 
               
              
              
Malificus (
purple | 66 APM | 2229 actions | 33:52)
              
 6 Death Knight 
 3 Death Coil
 2 Unholy Aura
 1 Animate Dead
 
                » actions 
                
                | Assign group hotkey | 53 |  | 
| Basic commands | 153 |  | 
| Build / train | 87 |  | 
| ESC pressed | 1 |  | 
| Enter build submenu | 21 |  | 
| Enter hero's abilities submenu | 6 |  | 
| Give item / drop item | 4 |  | 
| Right click | 852 |  | 
| Select / deselect | 362 |  | 
| Select group hotkey | 607 |  | 
| Use ability | 83 |  | 
                2229 total
 » units 
                
                | Acolyte | 18 |  | 
| Ghoul | 9 |  | 
| Crypt Fiend | 7 |  | 
| Frost Wyrm | 17 |  | 
| Goblin Zeppelin | 6 |  | 
| Goblin Sapper | 3 |  | 
                60 total
 » upgrades
                
                | Creature Attack | 3 |  | 
| Creature Carapace | 3 |  | 
| Burrow | 1 |  | 
| Web | 1 |  | 
| Ghoul Frenzy | 1 |  | 
| Freezing Breath | 1 |  | 
                10 total
 » buildings
                
                | Graveyard | 1 |  | 
| Crypt | 1 |  | 
| Ziggurat | 8 |  | 
| Altar of Darkness | 1 |  | 
| Tomb of Relics | 1 |  | 
| Nerubian Tower | 1 |  | 
| Halls of the Dead | 1 |  | 
| Necropolis | 2 |  | 
| Black Citadel | 1 |  | 
| Sacrificial Pit | 1 |  | 
| Boneyard | 3 |  | 
                21 total
 » build order
                00:05 Graveyard
00:09 Crypt
00:26 Ziggurat
00:45 Altar of Darkness
00:59 Tomb of Relics
01:55 Ziggurat
03:44 Nerubian Tower
04:34 Halls of the Dead
05:06 Ziggurat
05:08 Ziggurat
06:09 Necropolis
07:37 Black Citadel
08:23 Necropolis
10:50 Sacrificial Pit
11:18 Ziggurat
11:18 Ziggurat
11:19 Ziggurat
11:56 Boneyard
11:57 Boneyard
11:58 Boneyard
32:03 Ziggurat
» items
                
                | Rod of Necromancy | 1 |  | 
| Potion of Lesser Invulnerability | 1 |  | 
| Dust of Appearance | 1 |  | 
| Scroll of Town Portal | 1 |  | 
| Scroll of Protection | 1 |  | 
                5 total
  
               
              
              
orcghasmic (
green | 48 APM | 1627 actions | 33:54)
              
 3 Blademaster 
 2 Wind Walk
 1 Critical Strike
 2 Tauren Chieftain 
 1 Endurance Aura
 1 War Stomp
 
                » actions 
                
                | Assign group hotkey | 23 |  | 
| Basic commands | 8 |  | 
| Build / train | 105 |  | 
| Enter build submenu | 21 |  | 
| Enter hero's abilities submenu | 5 |  | 
| Remove unit from queue | 5 |  | 
| Right click | 869 |  | 
| Select / deselect | 346 |  | 
| Select group hotkey | 175 |  | 
| Use ability | 70 |  | 
                1627 total
 » units 
                
                | Peon | 25 |  | 
| Troll Witch Doctor | 6 |  | 
| Tauren | 4 |  | 
| Kodo Beast | 1 |  | 
| Wind Rider | 2 |  | 
| Troll Batrider | 23 |  | 
                61 total
 » upgrades
                
                | Witch Doctor Training | 2 |  | 
| Pulverize | 1 |  | 
| War Drums Damage Increase | 1 |  | 
| Envenomed Spears | 1 |  | 
| Melee Weapons | 3 |  | 
| Armor | 3 |  | 
| Reinforced Defenses | 1 |  | 
| Spiked Barricades | 3 |  | 
                15 total
 » buildings
                
                | Altar of Storms | 1 |  | 
| Orc Burrow | 7 |  | 
| Voodoo Lounge | 1 |  | 
| War Mill | 1 |  | 
| Stronghold | 3 |  | 
| Spirit Lodge | 1 |  | 
| Fortress | 1 |  | 
| Tauren Totem | 2 |  | 
| Beastiary | 2 |  | 
| Watch Tower | 5 |  | 
                24 total
 » build order
                00:07 Altar of Storms
00:21 Orc Burrow
00:37 Voodoo Lounge
01:22 Orc Burrow
01:52 War Mill
02:42 Stronghold
02:42 Stronghold
02:42 Stronghold
03:41 Orc Burrow
05:04 Spirit Lodge
05:39 Fortress
09:17 Tauren Totem
09:18 Tauren Totem
09:22 Beastiary
09:24 Beastiary
09:54 Orc Burrow
12:40 Orc Burrow
12:43 Orc Burrow
13:37 Orc Burrow
18:06 Watch Tower
18:08 Watch Tower
18:10 Watch Tower
18:13 Watch Tower
18:15 Watch Tower
» items
                
                | Lesser Clarity Potion | 3 |  | 
| Healing Salve | 2 |  | 
| Scroll of Speed | 1 |  | 
| Scroll of Town Portal | 2 |  | 
| Tiny Great Hall | 2 |  | 
| Orb of Lightning | 1 |  | 
| Potion of Healing | 1 |  | 
| Scroll of Healing | 1 |  | 
                13 total
  
               team 2 (winner) 
              
              
Commodus64 (
orange | 73 APM | 2484 actions | 33:59)
              
 4 Blood Mage 
 2 Flame Strike
 2 Siphon Mana
 2 Mountain King 
 1 Storm Bolt
 1 Bash
 2 Paladin 
 1 Holy Light
 1 Divine Shield
 
                » actions 
                
                | Assign group hotkey | 9 |  | 
| Basic commands | 38 |  | 
| Build / train | 113 |  | 
| ESC pressed | 1 |  | 
| Enter build submenu | 89 |  | 
| Enter hero's abilities submenu | 8 |  | 
| Give item / drop item | 3 |  | 
| Right click | 1052 |  | 
| Select / deselect | 329 |  | 
| Select group hotkey | 455 |  | 
| Use ability | 387 |  | 
                2484 total
 » units 
                
                | Peasant | 19 |  | 
| Nerubian Webspinner | 5 |  | 
                24 total
 » upgrades
                
                | Masonry | 3 |  | 
| Lumber Harvesting | 2 |  | 
| Magic Sentry | 1 |  | 
| Cloud | 1 |  | 
                7 total
 » buildings
                
                | Altar of Kings | 2 |  | 
| Farm | 9 |  | 
| Scout Tower | 141 |  | 
| Lumber Mill | 7 |  | 
| Arcane Tower | 7 |  | 
| Guard Tower | 42 |  | 
| Arcane Vault | 2 |  | 
| Town Hall | 1 |  | 
| Keep | 1 |  | 
| Castle | 1 |  | 
| Arcane Sanctum | 1 |  | 
| Gryphon Aviary | 1 |  | 
                215 total
 » build order
                00:11 Altar of Kings
00:17 Farm
01:00 Scout Tower
01:02 Scout Tower
01:11 Lumber Mill
01:28 Arcane Tower
01:29 Arcane Tower
01:35 Arcane Tower
01:35 Arcane Tower
01:49 Scout Tower
02:03 Farm
02:10 Scout Tower
02:26 Guard Tower
02:27 Guard Tower
02:27 Guard Tower
02:29 Scout Tower
02:40 Guard Tower
02:42 Scout Tower
03:08 Guard Tower
03:09 Scout Tower
03:12 Guard Tower
03:14 Scout Tower
03:32 Scout Tower
03:35 Scout Tower
04:04 Guard Tower
04:06 Scout Tower
04:10 Scout Tower
04:12 Scout Tower
04:22 Guard Tower
04:34 Arcane Vault
04:42 Guard Tower
04:45 Scout Tower
04:51 Guard Tower
04:51 Guard Tower
05:26 Town Hall
05:38 Scout Tower
05:39 Scout Tower
05:41 Scout Tower
05:41 Scout Tower
05:44 Scout Tower
05:45 Scout Tower
05:47 Scout Tower
05:48 Scout Tower
05:49 Scout Tower
05:50 Scout Tower
06:40 Lumber Mill
06:42 Lumber Mill
06:44 Lumber Mill
06:47 Lumber Mill
06:48 Lumber Mill
06:52 Guard Tower
07:07 Scout Tower
07:09 Scout Tower
07:10 Scout Tower
07:11 Scout Tower
07:11 Scout Tower
07:14 Guard Tower
07:27 Scout Tower
07:29 Scout Tower
07:29 Scout Tower
07:30 Scout Tower
07:33 Scout Tower
07:34 Scout Tower
07:36 Scout Tower
07:36 Scout Tower
07:37 Scout Tower
07:38 Scout Tower
07:38 Scout Tower
07:39 Scout Tower
07:42 Guard Tower
08:05 Scout Tower
08:06 Scout Tower
08:07 Scout Tower
08:08 Scout Tower
08:09 Scout Tower
08:09 Scout Tower
08:10 Scout Tower
08:15 Scout Tower
08:16 Scout Tower
08:22 Guard Tower
08:25 Scout Tower
08:26 Scout Tower
08:28 Scout Tower
08:29 Scout Tower
08:39 Guard Tower
08:43 Guard Tower
08:54 Scout Tower
08:55 Scout Tower
08:56 Scout Tower
08:56 Scout Tower
08:58 Keep
09:02 Guard Tower
09:33 Guard Tower
10:38 Guard Tower
10:42 Guard Tower
10:52 Guard Tower
11:02 Scout Tower
11:06 Scout Tower
11:06 Scout Tower
11:07 Scout Tower
11:14 Scout Tower
11:17 Scout Tower
11:17 Scout Tower
11:24 Castle
11:26 Arcane Sanctum
11:30 Arcane Vault
11:33 Altar of Kings
11:42 Guard Tower
11:44 Scout Tower
11:46 Scout Tower
11:47 Scout Tower
11:56 Guard Tower
12:08 Guard Tower
12:49 Guard Tower
12:51 Scout Tower
12:54 Scout Tower
12:55 Scout Tower
12:58 Scout Tower
12:59 Scout Tower
13:00 Scout Tower
13:00 Scout Tower
13:02 Scout Tower
13:06 Lumber Mill
14:16 Guard Tower
14:22 Scout Tower
14:22 Scout Tower
14:23 Scout Tower
14:24 Scout Tower
14:25 Scout Tower
14:26 Scout Tower
14:35 Gryphon Aviary
14:40 Guard Tower
16:06 Farm
16:07 Farm
16:08 Farm
16:09 Farm
16:09 Farm
16:09 Farm
16:12 Guard Tower
16:18 Scout Tower
16:18 Scout Tower
16:19 Scout Tower
16:20 Scout Tower
16:21 Scout Tower
16:21 Scout Tower
16:22 Scout Tower
16:23 Scout Tower
16:24 Scout Tower
16:25 Scout Tower
16:25 Scout Tower
16:26 Scout Tower
16:45 Guard Tower
16:50 Guard Tower
17:09 Guard Tower
17:11 Scout Tower
17:12 Scout Tower
17:12 Scout Tower
17:14 Scout Tower
17:15 Scout Tower
17:16 Scout Tower
19:11 Farm
19:14 Guard Tower
30:49 Scout Tower
30:49 Scout Tower
30:50 Scout Tower
30:50 Scout Tower
30:51 Scout Tower
30:52 Scout Tower
30:52 Scout Tower
30:53 Scout Tower
30:54 Scout Tower
30:54 Scout Tower
30:55 Scout Tower
30:55 Scout Tower
31:21 Guard Tower
31:24 Scout Tower
31:25 Scout Tower
31:26 Scout Tower
31:26 Scout Tower
31:27 Scout Tower
31:27 Scout Tower
31:29 Scout Tower
31:29 Scout Tower
31:32 Scout Tower
31:32 Scout Tower
31:33 Scout Tower
31:34 Scout Tower
31:35 Guard Tower
31:58 Guard Tower
32:00 Guard Tower
32:28 Guard Tower
32:47 Guard Tower
32:52 Scout Tower
32:53 Scout Tower
32:53 Scout Tower
32:54 Scout Tower
32:57 Scout Tower
32:58 Scout Tower
32:59 Scout Tower
33:01 Scout Tower
33:02 Scout Tower
33:03 Scout Tower
33:04 Scout Tower
33:08 Scout Tower
33:13 Guard Tower
33:29 Arcane Tower
33:55 Scout Tower
33:56 Scout Tower
33:57 Scout Tower
33:58 Scout Tower
33:59 Scout Tower
» items
                
                | Dust of Appearance | 1 |  | 
| Staff of Teleportation | 3 |  | 
| Boots of Speed | 6 |  | 
| Scroll of Regeneration | 1 |  | 
| Staff of Sanctuary | 3 |  | 
| Orb of Venom | 3 |  | 
| Potion of Invisibility | 1 |  | 
| Potion of Lesser Invulnerability | 1 |  | 
| Scroll of Town Portal | 1 |  | 
                20 total
  
               
              
              
Nerotendo_64 (
pink | 64 APM | 2170 actions | 33:59)
              
 4 Warden 
 2 Shadow Strike
 2 Blink
 
                » actions 
                
                | Assign group hotkey | 7 |  | 
| Basic commands | 19 |  | 
| Build / train | 53 |  | 
| ESC pressed | 1 |  | 
| Enter build submenu | 18 |  | 
| Enter hero's abilities submenu | 4 |  | 
| Right click | 1080 |  | 
| Select / deselect | 261 |  | 
| Select group hotkey | 616 |  | 
| Use ability | 110 |  | 
                2170 total
 » units 
                » upgrades
                
                | Ultravision | 1 |  | 
| Nature's Blessing | 1 |  | 
| Well Spring | 1 |  | 
                3 total
 » buildings
                
                | Altar of Elders | 1 |  | 
| Moon Well | 13 |  | 
| Ancient of Wonders | 3 |  | 
| Tree of Ages | 1 |  | 
| Hunter's Hall | 1 |  | 
| Tree of Life | 1 |  | 
| Tree of Eternity | 1 |  | 
                21 total
 » build order
                00:06 Altar of Elders
00:19 Moon Well
00:49 Moon Well
01:55 Moon Well
05:38 Ancient of Wonders
07:06 Moon Well
07:35 Tree of Ages
08:09 Moon Well
08:18 Hunter's Hall
09:06 Moon Well
09:11 Moon Well
10:09 Moon Well
14:23 Tree of Life
14:49 Tree of Eternity
16:01 Ancient of Wonders
16:10 Ancient of Wonders
23:04 Moon Well
23:05 Moon Well
23:06 Moon Well
23:07 Moon Well
23:08 Moon Well
» items
                
                | Boots of Speed | 1 |  | 
| Staff of Teleportation | 1 |  | 
| Orb of Venom | 1 |  | 
| Scroll of Town Portal | 1 |  | 
| Staff of Sanctuary | 1 |  | 
                5 total
  
               
              
              
XBoxCCCLX (
blue | 102 APM | 3497 actions | 34:08)
              
 3 Archmage 
 2 Blizzard
 1 Brilliance Aura
 3 Mountain King 
 2 Storm Bolt
 1 Bash
 
                » actions 
                
                | Assign group hotkey | 12 |  | 
| Basic commands | 20 |  | 
| Build / train | 135 |  | 
| Enter build submenu | 88 |  | 
| Enter hero's abilities submenu | 6 |  | 
| Give item / drop item | 2 |  | 
| Remove unit from queue | 2 |  | 
| Right click | 1913 |  | 
| Select / deselect | 535 |  | 
| Select group hotkey | 517 |  | 
| Use ability | 264 |  | 
                3497 total
 » units 
                
                | Peasant | 14 |  | 
| Dragonhawk Rider | 10 |  | 
| Goblin Zeppelin | 3 |  | 
| Priest | 1 |  | 
                28 total
 » upgrades
                
                | Masonry | 3 |  | 
| Swords | 3 |  | 
| Magic Sentry | 1 |  | 
| Armor | 3 |  | 
| Cloud | 1 |  | 
| Animal War Training | 1 |  | 
                12 total
 » buildings
                
                | Farm | 7 |  | 
| Lumber Mill | 2 |  | 
| Altar of Kings | 1 |  | 
| Scout Tower | 86 |  | 
| Arcane Tower | 8 |  | 
| Guard Tower | 59 |  | 
| Arcane Vault | 1 |  | 
| Keep | 3 |  | 
| Blacksmith | 1 |  | 
| Arcane Sanctum | 1 |  | 
| Gryphon Aviary | 2 |  | 
| Barracks | 1 |  | 
| Castle | 1 |  | 
| Town Hall | 2 |  | 
                175 total
 » build order
                00:12 Farm
00:35 Lumber Mill
00:45 Altar of Kings
01:09 Farm
01:14 Scout Tower
01:16 Scout Tower
01:49 Arcane Tower
01:50 Arcane Tower
01:52 Scout Tower
02:01 Guard Tower
02:03 Scout Tower
02:19 Guard Tower
02:22 Scout Tower
02:30 Guard Tower
02:30 Guard Tower
02:30 Guard Tower
02:36 Scout Tower
03:24 Guard Tower
03:28 Scout Tower
03:29 Scout Tower
03:30 Arcane Tower
03:30 Arcane Tower
03:32 Scout Tower
03:38 Scout Tower
04:02 Arcane Vault
04:03 Guard Tower
04:19 Guard Tower
04:21 Scout Tower
04:49 Guard Tower
04:52 Scout Tower
04:54 Scout Tower
04:56 Scout Tower
04:58 Scout Tower
05:07 Keep
05:07 Keep
05:08 Guard Tower
05:08 Guard Tower
05:10 Farm
05:11 Farm
05:12 Farm
05:26 Guard Tower
05:27 Scout Tower
05:29 Scout Tower
05:30 Guard Tower
05:33 Scout Tower
05:34 Scout Tower
05:34 Scout Tower
06:01 Guard Tower
06:11 Blacksmith
06:13 Scout Tower
06:14 Scout Tower
06:35 Guard Tower
06:37 Scout Tower
06:38 Scout Tower
06:40 Scout Tower
06:41 Scout Tower
06:42 Scout Tower
06:43 Scout Tower
07:11 Guard Tower
07:17 Scout Tower
07:18 Scout Tower
07:19 Scout Tower
07:19 Scout Tower
07:20 Scout Tower
07:29 Farm
07:31 Arcane Sanctum
07:34 Guard Tower
07:35 Scout Tower
07:36 Scout Tower
07:37 Guard Tower
07:38 Guard Tower
08:05 Guard Tower
08:06 Guard Tower
08:10 Scout Tower
08:11 Scout Tower
08:11 Scout Tower
08:12 Scout Tower
08:20 Gryphon Aviary
08:22 Gryphon Aviary
08:27 Guard Tower
08:28 Scout Tower
08:29 Scout Tower
08:30 Scout Tower
08:31 Scout Tower
08:32 Guard Tower
08:47 Guard Tower
09:35 Lumber Mill
09:45 Guard Tower
09:45 Guard Tower
09:49 Guard Tower
09:50 Guard Tower
09:54 Guard Tower
09:54 Guard Tower
09:54 Guard Tower
10:00 Guard Tower
10:01 Guard Tower
10:01 Guard Tower
10:42 Guard Tower
11:18 Barracks
11:49 Guard Tower
11:54 Scout Tower
11:55 Scout Tower
11:55 Scout Tower
11:56 Scout Tower
11:57 Scout Tower
12:02 Castle
13:45 Guard Tower
13:51 Farm
14:43 Scout Tower
14:44 Scout Tower
14:45 Scout Tower
15:23 Arcane Tower
17:43 Scout Tower
17:44 Scout Tower
18:11 Guard Tower
18:26 Scout Tower
18:28 Scout Tower
18:30 Scout Tower
18:30 Scout Tower
18:31 Scout Tower
18:32 Scout Tower
18:33 Scout Tower
18:33 Scout Tower
19:02 Scout Tower
19:03 Scout Tower
19:34 Guard Tower
19:34 Guard Tower
19:35 Scout Tower
19:36 Scout Tower
19:38 Scout Tower
20:10 Guard Tower
20:29 Guard Tower
21:04 Scout Tower
21:11 Scout Tower
21:22 Scout Tower
21:39 Guard Tower
21:40 Scout Tower
21:42 Scout Tower
21:43 Scout Tower
21:44 Guard Tower
22:13 Scout Tower
22:19 Scout Tower
22:22 Guard Tower
22:23 Guard Tower
22:26 Scout Tower
22:27 Scout Tower
23:04 Guard Tower
23:07 Arcane Tower
23:08 Scout Tower
23:29 Guard Tower
23:47 Scout Tower
24:12 Guard Tower
24:58 Guard Tower
25:41 Scout Tower
25:42 Scout Tower
26:50 Guard Tower
26:52 Scout Tower
31:20 Town Hall
31:23 Scout Tower
31:24 Scout Tower
31:26 Scout Tower
31:27 Scout Tower
31:28 Scout Tower
32:18 Arcane Tower
32:18 Guard Tower
32:19 Guard Tower
33:35 Town Hall
33:53 Guard Tower
» items
                
                | Boots of Speed | 2 |  | 
| Staff of Teleportation | 3 |  | 
| Potion of Lesser Invulnerability | 1 |  | 
| Staff of Sanctuary | 2 |  | 
                8 total
  
                Chat log
          (00:17 / All) Nerotendo_64: ~*~Fight With Honor And Have Excellent Manner~*~
(00:23 / All) Malificus: glhf
(00:34 / All) Commodus64: fvck noobs
(00:35 / All) Nerotendo_64: how v gvys doing?
(18:13 / All) Malificus: r u serious?
(18:17 / All) Commodus64: hugh
(19:51 / All) XBoxCCCLX: ROFL
(20:03 / All) Malificus: |DMAN
(20:05 / All) Malificus: |U KILELD THEM
(20:08 / All) Malificus: |AWWWW
(22:47 / All) Commodus64: was it worth it v big dvmb rvbe
(25:33 / All) Nerotendo_64: tavren take so long to digest, all the bones
(30:10 / All) Nerotendo_64: do yov gvys really think yov can win?
(33:55 / All) XBoxCCCLX: bye noobs